 Dungeon Crawl Stone Soup version 0.31.0-32-g396128a36d (webtiles) character file.

Game seed: 7669413180891246086

2123 GiantSquids the Cleaver (level 9, -1/121 HPs)
             Began as a Hill Orc Berserker on Apr 20, 2024.
             Was a Priest of Trog.
             Slain by a sky beast (5 damage)
             ... on level 6 of the Dungeon.
             The game lasted 00:12:42 (5407 turns).

GiantSquids the Cleaver (Hill Orc Berserker)        Turns: 5407, Time: 00:12:43

Health: -1/121     AC: 12    Str: 24    XL:     9   Next: 29%
Magic:  9/9        EV:  9    Int:  7    God:    Trog [***...]
Gold:   177        SH:  0    Dex: 10    Spells: 8/8 levels left

rFire   . . .        a - +0 hand axe
rCold   . . .        (no shield)
rNeg    . . .        G - +0 chain mail
rPois   .            F - +1 hat
rElec   .            l - +0 cloak
rCorr   .            (no gloves)
SInv    +            (no boots)
Will    ++...        (no amulet) Stlth
                     r - ring of see invisible
HPRegen 1.40/turn    (no ring)
MPRegen 0.11/turn

%: no passive effects
@: berserking, strong-willed, regenerating, very quick
A: no striking features
a: Renounce Religion, Berserk, Trog's Hand


You were on level 6 of the Dungeon.
You worshipped Trog.
Trog was most pleased with you.
You visited 1 branch of the dungeon, and saw 7 of its levels.
You also visited: Ossuary.

You collected 177 gold pieces.

Inventory:

Hand Weapons
 a - a +0 hand axe (weapon)
Missiles
 d - 3 darts of dispersal (quivered)
 s - 6 javelins
 y - 3 datura-tipped darts
 H - a curare-tipped dart
 I - 5 poisoned darts
Armour
 l - a +0 cloak (worn)
 F - a +1 hat (worn)
 G - a +0 chain mail (worn)
Jewellery
 r - a ring of see invisible (left hand)
Wands
 j - a wand of flame (9)
 q - a wand of roots (12)
Scrolls
 c - 5 scrolls of identify {unknown}
 f - a scroll of amnesia {unknown}
 g - 2 scrolls of poison {unknown}
 k - 3 scrolls of teleportation {unknown}
 m - 3 scrolls of enchant armour {unknown}
 n - a scroll of blinking {unknown}
 p - 2 scrolls of fog {unknown}
 t - a scroll of revelation {unknown}
 E - 3 scrolls of fear {unknown}
Potions
 b - 2 potions of curing
 e - a potion of invisibility {unknown}
 h - a potion of berserk rage {unknown}
 i - 2 potions of haste {unknown}
 o - 2 potions of might {unknown}
 u - 2 potions of cancellation {unknown}
 v - 2 potions of ambrosia {unknown}
 w - a potion of mutation {unknown}
 x - a potion of magic {unknown}
 z - 2 potions of heal wounds {unknown}
 A - a potion of resistance {unknown}
 B - 4 potions of brilliance {unknown}
 C - a potion of enlightenment {unknown}
 D - a potion of attraction {unknown}


   Skills:
 + Level 8.0 Fighting
 * Level 11.7 Axes
 + Level 6.8 Armour
 - Level 1.5 Dodging


You had 8 spell levels left.
You didn't know any spells.
Your spell library was empty.

Dungeon Overview and Level Annotations

Branches:
Dungeon (7/15)             Temple (0/1) D:5         Ossuary (visited)

Altars:
Kikubaaqudgha
Sif Muna
Wu Jian
Xom
Zin

Annotations:
D:6 Maggie


Message History

You miss the sky beast. You hit the ufetubus.
A water moccasin comes into view.
The ufetubus hits you but does no damage. x2
Unknown command.
You closely miss the ufetubus.
The ufetubus is severely wounded.
You closely miss the ufetubus.
The water moccasin hisses angrily.
You hit the sky beast. The ufetubus barely misses you. x4
The sky beast hits you but does no damage.
You closely miss the ufetubus.
The ufetubus is severely wounded.
You hit the ufetubus.
You kill the ufetubus!
Trog accepts your kill.
You barely miss the sky beast.
The ufetubus hits you but does no damage. x2
You miss the ufetubus.
The ufetubus is severely wounded.
You hit the sky beast.
An adder comes into view.
The sky beast barely misses you.
The ufetubus hits you but does no damage.
The ufetubus barely misses you.
Maggie says, "How do the people who live here stand the isolation?"
The adder hisses angrily.
You hit Maggie.
Maggie is lightly wounded.
You hit the sky beast. You miss the ufetubus. You slash Maggie!
Maggie is moderately wounded.
You miss the sky beast. You slash the ufetubus!
You kill the ufetubus!
Trog accepts your kill.
You completely miss Maggie.
Maggie is moderately wounded.
You miss the sky beast. The sky beast hits you.
* * * LOW HITPOINT WARNING * * *
The sky beast shocks you.
You die...

... ..# ..
..## ..#...
....# ....#
< #SB.##...
#Y@......
#@.......
#..)......##
##....#####
......#
.......#
..........
.......S..
...........


You could see Maggie, a water moccasin, a sky beast, a bombardier beetle and an
adder.

Vanquished Creatures
  Edmund (D:5)
  An ice beast (D:7)
  A black bear (D:7)
  2 ogres
  2 centaurs
  A weeping skull (Ossuary)
  2 kobold brigands (D:7)
  2 bullfrogs (D:7)
  A gnoll sergeant (D:7)
  4 scorpions
  A burial acolyte (Ossuary)
  3 wights (D:7)
  A howler monkey (D:7)
  A hound (D:5)
  2 bombardier beetles
  2 jellies (D:5)
  2 gnoll boudas
  4 iguanas (D:5)
  Jessica (D:2)
  3 mummies (Ossuary)
  7 gnolls
  7 adders
  2 white imps
  3 ufetubi
  2 ribbon worms
  A dart slug (D:4)
  12 orcs
  6 endoplasms
  2 giant cockroaches (D:3)
  3 gnoll zombies (Ossuary)
  6 goblins
  4 hobgoblins
  4 jackals (D:3)
  3 quokkas
  5 ball pythons
  3 bats
  2 frilled lizards
  13 kobolds
  4 kobold zombies (Ossuary)
  An orc zombie (Ossuary)
  4 rats
131 creatures vanquished.

Notes
Turn   | Place    | Note
-------+----------+-------------------------------------------
     0 | D:1      | GiantSquids the Hill Orc Berserker began the quest for the
                  | Orb.
     0 | D:1      | Reached XP level 1. HP: 19/19 MP: 1/1
   157 | D:1      | Reached XP level 2. HP: 20/27 MP: 2/2
   370 | D:2      | Noticed Jessica
   382 | D:2      | Killed Jessica
   383 | D:2      | Reached skill level 5 in Axes
   383 | D:2      | Reached XP level 3. HP: 23/33 MP: 3/3
   834 | D:2      | Reached XP level 4. HP: 40/40 MP: 4/4
   971 | D:2      | Noticed a great orb of eyes
   976 | D:2      | Found a faded altar of an unknown god.
   978 | D:2      | Noticed a golden eye
   978 | D:2      | Noticed an eye of devastation
   978 | D:2      | Noticed a shining eye
  1383 | D:3      | Found an ancient bone altar of Kikubaaqudgha.
  1397 | D:3      | Reached ** piety under Trog
  1491 | D:3      | Found an ornate altar of the Wu Jian Council.
  1492 | D:3      | Found a shimmering altar of Xom.
  1859 | D:4      | Found a glowing silver altar of Zin.
  1876 | D:4      | Noticed an ogre
  1883 | D:4      | Killed an ogre
  1884 | D:4      | Reached skill level 6 in Axes
  1884 | D:4      | Reached XP level 5. HP: 47/47 MP: 5/5
  1923 | D:4      | Found a sand-covered staircase.
  1932 | Ossuary  | Entered an ossuary
  1974 | Ossuary  | Reached skill level 5 in Fighting
  1974 | Ossuary  | Reached XP level 6. HP: 56/56 MP: 6/6
  2173 | Ossuary  | Reached skill level 7 in Axes
  3112 | D:5      | Entered Level 5 of the Dungeon
  3190 | D:5      | Reached XP level 7. HP: 29/62 MP: 7/7
  3386 | D:5      | Noticed Edmund
  3399 | D:5      | Killed Edmund
  3400 | D:5      | Reached skill level 8 in Axes
  3481 | D:5      | Reached skill level 5 in Armour
  3572 | D:5      | Reached skill level 9 in Axes
  3572 | D:5      | Reached XP level 8. HP: 44/71 MP: 8/8
  3731 | D:5      | Reached *** piety under Trog
  4032 | D:5      | Found a shimmering blue altar of Sif Muna.
  4176 | D:5      | Found a staircase to the Ecumenical Temple.
  4641 | D:6      | You fall into a shaft and drop 1 floor!
  4696 | D:7      | Reached skill level 10 in Axes
  5288 | D:7      | Reached skill level 11 in Axes
  5288 | D:7      | Reached XP level 9. HP: 64/79 MP: 9/9
  5340 | D:7      | HP: 2/81 [ice beast (10)]
  5395 | D:7      | HP: 4/81 [orc/+0 mace (5)]
  5396 | D:6      | Noticed Maggie
  5399 | D:6      | HP: 1/121 [ufetubus (2)]
  5407 | D:6      | HP: 4/121 [sky beast (2)]
  5407 | D:6      | Slain by a sky beast

Illustrated notes

Levels and vault maps discovered:
D:1:      psy_arrival_whirlpool, layout_basic
D:2:      layout_basic, hellmonk_ecumenical_altar_watching_god, minivault_26,
          serial_bayou_lagoon_a, minivault_23, minmay_pentomino_r2, uniq_jessica
D:3:      layout_basic, nicolae_kikubaaqudgha_miasma_corner,
          mainiacjoe_overflow_divided_tiny, minmay_stone_trees_small
D:4:      layout_loops_ring, mainiacjoe_overflow_alcove_1,
          mainiacjoe_ossuary_entry_dusty_tomb, chequers_serial_rivers_room_b,
          dreamdust_princess_corridor
D:5:      layout_loops_ring, mainiacjoe_overflow_surrounded_room,
          minmay_temple_entry_statues_pillars, grunt_ministairs_9, uniq_edmund
D:6:      layout_basic, old_standard_altar, lemuel_tele_altar, uniq_maggie
D:7:      layout_loops_ring, nicolae_overflow_hidden_temple,
          serial_park_tiny_pond, minmay_joined_circles

Skill      XL: |  1  2  3  4  5  6  7  8  9 |
---------------+----------------------------+-----
Fighting       | 4 5 6 7 8 |  8.0
Axes           | 5 6 7 9 11 | 11.7
Armour         | 3 4 5 6 |  6.8
Dodging        | |  1.5

Action                     |  1- 3 |  4- 6 |  7- 9 || total
---------------------------+-------+-------+-------++-------
  Melee: Hand axe          |    69 |   173 |   310 ||   552
         Punch             |       |     2 |     3 ||     5
 Invoke: Berserk           |       |     4 |     6 ||    10
         Trog's Hand       |       |       |     2 ||     2
    Use: Potion            |       |       |     1 ||     1
 Armour: Animal skin       |    15 |       |       ||    15
         Ring mail         |    22 |    95 |    64 ||   181
         Chain mail        |       |       |   159 ||   159
  Dodge: Dodged            |    33 |    72 |   174 ||   279
